 Dungeon Crawl Stone Soup version 0.29.1-15-g9cfb28693d (webtiles) character file.

Game seed: 3318541187096915863

1681 H0rd4k the Trooper (level 9, -5/63 HPs)
             Began as an Octopode Artificer on Mar 3, 2023.
             Was an Initiate of Gozag.
             Slain by a shadow (29 damage)
             ... on level 6 of the Dungeon.
             The game lasted 00:11:31 (6247 turns).

H0rd4k the Trooper (Octopode Artificer)             Turns: 6247, Time: 00:11:31

Health: -5/63      AC:  1    Str: 11    XL:     9   Next: 2%
Magic:  26/26      EV: 13    Int: 22    God:    Gozag
Gold:   447        SH:  0    Dex: 13    Spells: 16/19 levels left

rFire   + + .      SeeInvis .     - Unarmed
rCold   + . .      Faith    .   (no shield)
rNeg    . . .      Spirit   .   (helmet restricted)
rPois   .          Reflect  .   g - amulet of Kyidd {rC++ Regen+ Int+5}
rElec   .          Harm     .   l - ring of magical power
rCorr   .          Rampage  .   w - ring of fire
Will    .....                   x - ring of protection from fire
Stlth   +++.......              (no ring)
HPRegen 1.00/turn               (no ring)
MPRegen 0.20/turn               (no ring)
                                (no ring)
                                (no ring)

@: no status effects
A: almost no armour, amphibious, 8 rings, camouflage 1, gelatinous body 1,
(nimble swimmer 1), tentacles
a: Renounce Religion, Potion Petition, Call Merchant, Bribe Branch


You were on level 6 of the Dungeon.
You worshipped Gozag.
Gozag was aware of your devotion.
You visited 2 branches of the dungeon, and saw 8 of its levels.
You also visited: Sewer.

You collected 579 gold pieces.
You paid 132 gold pieces to Gozag.

Inventory:

Missiles
 z - 2 poisoned darts
Jewellery
 g - the amulet of Kyidd (around mantle) {rC++ Regen+ Int+5}
   (You found it in a sewer)

   [amulet of regeneration]

   Int:       It affects your intelligence (+5).
   rC:        It greatly protects you from cold.
   Regen:     It increases your rate of health regeneration.
 l - a ring of magical power (left tentacle)
 s - an amulet of the acrobat
 t - an amulet of guardian spirit
 w - a ring of fire (right tentacle)
 x - a ring of protection from fire (on tentacle)
Wands
 y - a wand of charming (2)
Scrolls
 c - a scroll of immolation
 d - a scroll of fear
 h - 2 scrolls of silence
 i - a scroll of butterflies
 j - 2 scrolls of torment
 m - 2 scrolls of vulnerability
 p - 2 scrolls of teleportation
Potions
 e - 2 potions of cancellation
 o - 2 potions of berserk rage
 q - a potion of brilliance
 u - 2 potions of flight
 v - a potion of heal wounds {unknown}
Miscellaneous
 b - a piece from Xom's chessboard (15/15)


   Skills:
 + Level 6.4 Fighting
 - Level 2.3 Dodging
 - Level 1.3 Stealth
 - Level 5.1 Unarmed Combat
 * Level 5.9 Spellcasting
 + Level 2.8 Hexes
 - Level 3.2 Evocations


You had 16 spell levels left.
You knew the following spells:

 Your Spells              Type           Power      Damage    Failure   Level
a - Confusing Touch       Hex            19%        N/A       9%          3

Your spell library contained the following spells:

 Spells                   Type           Power      Damage    Failure   Level
 Apportation              Tloc           12%        N/A       10%         1
 Yara's Violent Unravell  Hex/Tmut       6%         3d5       80%         5
 Alistair's Intoxication  Tmut/Pois      4%         N/A       95%         5
 Enfeeble                 Hex            9%         N/A       100%        7


Dungeon Overview and Level Annotations

Branches:
Dungeon (7/15)             Temple (1/1) D:5           Sewer (visited)

Altars:
Cheibriados
Elyvilon
Fedhas
Gozag
Hepliaklqana
Kikubaaqudgha
Makhleb
Okawaru
Ru
Sif Muna
Trog
Uskayaw
Wu Jian
Xom
Yredelemnul
Zin
The Shining One

Shops:
D:4 [*(=   D:7 **

Annotations:
D:5 exclusion: downstairs
D:6 exclusion: 2 downstairs


Innate Abilities, Weirdness & Mutations

You cannot wear most types of armour.
You are amphibious.
You can wear up to eight rings at the same time.
Your skin changes colour to match your surroundings (Stealth+).
Your rubbery body absorbs attacks. (AC +1, EV +1)
((You are camouflaged when in or above water. (Stealth+)))
You have tentacles for arms and can constrict up to eight enemies at once.


Message History

The shadow strikes at you from the darkness!
Reactivating autopickup.
You climb upwards.
Level annotation: exclusion: 2 downstairs
There is a stone staircase leading down here.
You tentacle-slap the shadow but do no damage.
You squeeze the shadow.
The shadow is moderately damaged.
The shadow hits you.
You tentacle-slap the shadow.
The shadow is moderately damaged.
You tentacle-slap the shadow but do no damage.
Your squeeze misses the shadow.
The shadow is moderately damaged.
The shadow hits you!
You tentacle-slap the shadow.
The shadow is moderately damaged.
The shadow hits you!
You barely miss the shadow. Your squeeze misses the shadow.
The shadow is moderately damaged.
The shadow hits you.
You bludgeon the shadow!
The shadow is heavily damaged.
The shadow hits you.
You barely miss the shadow. You squeeze the shadow.
The shadow is severely damaged.
The shadow closely misses you.
You tentacle-slap the shadow but do no damage.
You squeeze the shadow, but do no damage.
The shadow is severely damaged.
The shadow hits you!
You barely miss the shadow.
The shadow is severely damaged.
The shadow slips into darkness.
The shadow flickers and vanishes!
Deactivating autopickup; reactivate with Ctrl-A.
You miss something. Your squeeze misses something.
The shadow strikes at you from the darkness!
You die...
Your body crumbles into a pile of gold.

### #.. #.# ####.#
#..... #.....
####### #####.....
#@....# #...#.....
#{..#.# #...#.....
#.#.#.# #...#.....
#.#.#.###...####.#
#.#...............
#..##)###...####.#
##....####### #..
####.[.!..### ##.
#.##.....# #.


There were no monsters in sight!

Vanquished Creatures
  An ice beast (D:6)
  A sky beast (D:6)
  2 ogres (D:6)
  A centaur (D:6)
  4 bullfrogs
  7 scorpions
  2 howler monkeys
  4 hounds
  An orc priest (D:6)
  Terence (D:2)
  An orc wizard (D:4)
  3 iguanas
  7 adders
  A white imp (D:6)
  2 ufetubi
  A dart slug (D:4)
  2 worms
  10 orcs
  A bat (D:3)
  13 endoplasms
  11 giant cockroaches
  5 goblins
  3 hobgoblins
  2 jackals (D:3)
  2 kobolds (D:1)
  9 quokkas
  10 ball pythons
  13 frilled lizards
  A rat (D:2)
121 creatures vanquished.

Vanquished Creatures (collateral kills)
  An orc priest (D:6)
  2 orc wizards (D:4)
  8 orcs
  A kobold (D:4)
12 creatures vanquished.

Vanquished Creatures (others)
  A hound (D:6)
  An orc priest (D:4)
  An ufetubus (D:6)
  An orc (D:6)
  4 withered plants (D:1)
8 creatures vanquished.

Grand Total: 141 creatures vanquished

Notes
Turn   | Place    | Note
-------+----------+-------------------------------------------
     0 | D:1      | H0rd4k the Octopode Artificer began the quest for the Orb.
     0 | D:1      | Reached XP level 1. HP: 13/13 MP: 1/1
   409 | D:1      | Reached XP level 2. HP: 17/18 MP: 1/3
   585 | D:1      | Found a faded altar of an unknown god.
   737 | D:1      | Reached skill level 1 in Spellcasting
  1222 | D:2      | Found a shimmering blue altar of Sif Muna.
  1383 | D:2      | Reached skill level 2 in Fighting
  1455 | D:2      | Noticed Terence
  1524 | D:2      | Killed Terence
  1525 | D:2      | Reached skill level 1 in Unarmed Combat
  1525 | D:2      | Reached XP level 3. HP: 22/25 MP: 3/5
  2138 | D:3      | Reached XP level 4. HP: 18/30 MP: 6/6
  2801 | D:4      | Noticed a scorpion
  2923 | D:4      | Found an iron altar of Okawaru.
  2958 | D:4      | Killed a scorpion
  2959 | D:4      | Reached XP level 5. HP: 36/36 MP: 8/8
  2973 | D:4      | Reached skill level 3 in Fighting
  3163 | D:4      | You fall into a shaft and drop 2 floors!
  3282 | D:6      | Reached XP level 6. HP: 26/42 MP: 10/10
  3298 | D:6      | Found a white marble altar of Elyvilon.
  3302 | D:6      | Noticed an ice beast
  3442 | D:6      | HP: 2/42 [bullfrog (4)]
  3444 | D:6      | Reached XP level 7. HP: 2/47 MP: 3/12
  3451 | D:6      | HP: 1/47 [centaur (2)]
  3473 | D:6      | Reached skill level 4 in Fighting
  3592 | D:6      | Found a glowing drain.
  3607 | Sewer    | Entered a sewer
  3850 | Sewer    | Reached skill level 5 in Unarmed Combat
  4037 | Sewer    | Learned a level 3 spell: Confusing Touch
  4152 | Sewer    | Reached skill level 1 in Hexes
  4155 | Sewer    | Identified the amulet of Kyidd {rC++ Regen+ Int+5}
  4322 | D:6      | Reached XP level 8. HP: 47/54 MP: 14/14
  4419 | D:5      | Entered Level 5 of the Dungeon
  4669 | D:4      | Found Akaot's Weapon Boutique.
  4690 | D:4      | Found Redulex's Jewellery Emporium.
  4849 | D:4      | Found Uro Enul's Weapon Emporium.
  4870 | D:4      | Found Rirupoc's General Store.
  4922 | D:4      | Found Radu's Antique Armour Shoppe.
  5229 | D:5      | Found a staircase to the Ecumenical Temple.
  5242 | Temple   | Entered the Ecumenical Temple
  5304 | Temple   | Became a worshipper of Gozag Ym Sagoz the Greedy
  5337 | D:5      | Found an ancient bone altar of Kikubaaqudgha.
  5372 | D:5      | Reached skill level 5 in Fighting
  5515 | D:6      | Reached skill level 5 in Spellcasting
  5524 | D:6      | Found a snail-covered altar of Cheibriados.
  5651 | D:7      | Found Unixurus's General Store.
  5699 | D:7      | Found Jacw's Fire Supplies.
  5755 | D:7      | Noticed a shadow
  5759 | D:7      | Found a bloodstained altar of Trog.
  5966 | D:6      | Reached skill level 6 in Fighting
  6107 | D:6      | Reached XP level 9. HP: 44/63 MP: 17/17
  6247 | D:6      | Slain by a shadow

Illustrated notes

Levels and vault maps discovered:
D:1:      psy_arrival_basics, layout_loops_ring,
          shapermc_ecumenical_altar_flowoftime
D:2:      layout_basic, basic_altar, kennysheep_generic_room_8, uniq_terence
D:3:      layout_basic
D:4:      layout_basic, okawaru_ov_weapons_minmay, serial_shops,
          nicolae_shop_bloodbath_and_beyond, nicolae_lakefront_shop,
          kennysheep_little_box, kennysheep_mini, shop
D:5:      layout_rooms, nicolae_kikubaaqudgha_miasma_corner,
          minmay_temple_entry_waves, hellmonk_bongcloud_opening
D:6:      layout_basic, lemuel_coloured_pillars_altar, lemuel_doored_altar,
          cheibrodos_sewer_entry_bend
D:7:      layout_cave_pods, bloody_trog, serial_shops, shop_statue,
          nicolae_shop_fire_sale [nicolae_sub_dead_trees], minmay_quadrilaterals
Temple:   eino_narrow_crystal_temple

Skill      XL: |  1  2  3  4  5  6  7  8 |
---------------+-------------------------+-----
Spellcasting   | 1 2 3 4 5 |  5.9
Fighting       | 2 3 4 6 |  6.4
Unarmed Combat | 1 2 3 4 5 |  5.1
Hexes          | 1 2 |  2.8
Dodging        | |  2.3
Stealth        | |  1.3
Evocations     | |  3.2

Action                   |  1- 3 |  4- 6 |  7- 9 || total
-------------------------+-------+-------+-------++-------
Melee: Unarmed           |    77 |    48 |   203 ||   328
       Tentacles         |    24 |    12 |    57 ||    93
       Constrict         |    18 |    13 |    42 ||    73
       Punch             |     2 |     2 |    10 ||    14
 Cast: Confusing Touch   |       |       |     5 ||     5
Evoke: Wand              |     3 |    25 |     7 ||    35
  Use: Potion            |       |       |     6 ||     6
       Scroll            |       |       |    13 ||    13
 Stab: Sleeping          |     7 |     3 |    12 ||    22
       Confused          |       |       |     5 ||     5
       Distracted        |       |       |     1 ||     1
Armor: Skin              |     3 |     3 |     6 ||    12
Dodge: Dodged            |    26 |    33 |   123 ||   182
